 Dungeon Crawl Stone Soup version 0.21-a0-404-g291f19a (webtiles) character file.

1356 karf the Twirler (level 8, -1/64 HPs)
             Began as a Formicid Fighter on Oct 31, 2017.
             Was an Initiate of Ru.
             Slain by a bullfrog (7 damage)
             ... on level 6 of the Dungeon.
             The game lasted 00:15:09 (5559 turns).

karf the Twirler (Formicid Fighter)                 Turns: 5559, Time: 00:15:11

Health: -1/64      AC:  9    Str: 21    XL:     8   Next: 95%
Magic:  8/8        EV:  9    Int:  9    God:    Ru [......]
Gold:   291        SH: 10    Dex: 11    Spells: 7/7 levels left

rFire    + . .     SeeInvis +   a - +0 quarterstaff
rCold    + . .     Gourm    .   c - +0 shield
rNeg     . . .     Faith    .   b - +0 scale mail
rPois    .         Spirit   .   (helmet unavailable)
rElec    .         Reflect  .   w - scarf {rC+ rF+}
rCorr    .         Harm     .   x - +1 pair of gloves
MR       .....                  (no boots)
Stlth    ..........             (no amulet)
HPRegen  0.20/turn              (no ring)
MPRegen  0.11/turn              (no ring)

@: no status effects
A: permanent stasis, dig shafts and tunnels, four strong arms, antennae 3
a: Dig, Shaft Self, Renounce Religion


You were on level 6 of the Dungeon.
You worshipped Ru.
Ru was noncommittal.
You were not hungry.

You visited 2 branches of the dungeon, and saw 7 of its levels.

You collected 291 gold pieces.

Inventory:

Hand Weapons
 a - a +0 quarterstaff (weapon)
Armour
 b - a +0 scale mail (worn)
 c - a +0 shield (worn)
 w - a scarf of resistance (worn)
 x - a +1 pair of gloves (worn)
Scrolls
 e - 5 scrolls of amnesia {unknown}
 k - 2 scrolls of fear {unknown}
 o - a scroll of teleportation {unknown}
 p - a scroll of blinking {unknown}
 q - a scroll of recharging {unknown}
 r - a scroll of remove curse {unknown}
 s - 5 scrolls of identify {unknown}
Potions
 g - 2 potions of curing
 h - a potion of mutation {unknown}
 i - a potion of brilliance {unknown}
 l - a potion of berserk rage {unknown}
 m - a potion of haste
 u - a potion of resistance {unknown}
 v - 2 potions of ambrosia {unknown}
Books
 y - a book of Frost

   Spells                             Type                      Level
   a - Freeze                         Ice                          1
   b - Throw Frost                    Conjuration/Ice              2
   c - Ozocubu's Armour               Charms/Ice                   3
   d - Throw Icicle                   Conjuration/Ice              4
   e - Summon Ice Beast               Ice/Summoning                4
Comestibles
 f - 4 bread rations
 j - 3 meat rations
 n - 4 fruits
 t - 2 royal jellies


   Skills:
 + Level 6.0 Fighting
 * Level 6.8 Staves
 + Level 6.0 Armour
 + Level 6.5 Shields


You had 7 spell levels left.
You didn't know any spells.

Dungeon Overview and Level Annotations

Branches:
Dungeon (6/15)             Temple (1/1) D:5

Altars:
Ashenzari
Cheibriados
Dithmenos
Elyvilon
Fedhas
Kikubaaqudgha
Makhleb
Okawaru
Ru
Trog
Uskayaw
Vehumet
Wu Jian
Xom
Yredelemnul
Zin
The Shining One

Annotations:
D:4 exclusion: downstairs


Innate Abilities, Weirdness & Mutations

You cannot be hasted, slowed, berserked, paralysed or teleported.
You can dig through walls and to a lower floor.
Your four strong arms can wield two-handed weapons with a shield.
You have a pair of large antennae on your head. (SInv)


Message History

The centaur is moderately wounded.
The centaur hits you.
* * * LOW HITPOINT WARNING * * *
You block the bullfrog's attack. You block the centaur's attack.
You hit the centaur but do no damage.
The centaur is moderately wounded.
The bullfrog barely misses you. The crimson imp hits you.
* * * LOW HITPOINT WARNING * * *
The centaur closely misses you. You block the bullfrog's attack.
The crimson imp shouts, "Away with thee, thou craven beef-witted whip-jack!"
The crimson imp hits you.
* * * LOW HITPOINT WARNING * * *
The centaur wields an uncursed shortbow.
The centaur shoots an arrow.
The arrow hits you.
* * * LOW HITPOINT WARNING * * *
You block the bullfrog's attack.
The centaur shoots an arrow.
The arrow hits you.
* * * LOW HITPOINT WARNING * * *
The bullfrog hits you!
You die...

.........$.
.........
.......
..... .Z.
#c# {
##5####
{#.F(..#
#.@.<.+
#.....#
#.....#{
##?..##
##### {


You could see a bullfrog, a centaur, a crimson imp and a bullfrog zombie.

Vanquished Creatures
  Prince Ribbit (D:5)
  Eustachio (D:5)
  Menkaure (D:5)
  A sky beast (D:5)
  An ice beast (D:5)
  A centaur (D:5)
  2 howler monkeys (D:4)
  A hound (D:5)
  3 orc priests
  A bullfrog skeleton (D:4)
  Natasha (thrice) (D:3)
  5 orc wizards
  4 worker ants
  2 hound skeletons (D:4)
  4 adders
  An ooze (D:3)
  A worm (D:2)
  The ghost of TheDeThijs the Poker, a weakling MfGl (D:4)
  5 dart slugs
  2 leopard geckos
  18 orcs
  2 ball pythons
  2 giant cockroaches
  10 goblins
  8 hobgoblins
  14 jackals
  A quokka (D:3)
  7 bats
  2 frilled lizards
  6 kobolds
  5 rats
116 creatures vanquished.

Notes
Turn   | Place    | Note
-------+----------+-------------------------------------------
     0 | D:1      | karf the Formicid Fighter began the quest for the Orb.
     0 | D:1      | Reached XP level 1. HP: 18/18 MP: 1/1
   129 | D:1      | Reached XP level 2. HP: 20/24 MP: 2/2
   361 | D:1      | Reached XP level 3. HP: 29/29 MP: 3/3
   902 | D:2      | Reached XP level 4. HP: 37/37 MP: 4/4
  1101 | D:2      | Found a shimmering altar of Xom.
  1257 | D:2      | Reached XP level 5. HP: 38/42 MP: 5/5
  2086 | D:3      | Noticed Natasha
  2090 | D:3      | Killed Natasha
  2090 | D:3      | Reached XP level 6. HP: 48/48 MP: 6/6
  2117 | D:3      | Noticed Natasha
  2127 | D:3      | HP: 1/48 [white imp[Natasha] (2)]
  2128 | D:3      | Killed Natasha
  2589 | D:3      | Noticed Natasha
  2597 | D:3      | Killed Natasha
  2741 | D:4      | Reached skill level 5 in Shields
  2864 | D:4      | Reached XP level 7. HP: 53/55 MP: 7/7
  3295 | D:4      | Noticed TheDeThijs's ghost (weakling MfGl)
  3306 | D:4      | Killed TheDeThijs's ghost
  3699 | D:4      | Reached skill level 5 in Staves
  3796 | D:5      | Entered Level 5 of the Dungeon
  3797 | D:5      | Found a staircase to the Ecumenical Temple.
  3897 | D:4      | Reached skill level 5 in Armour
  3907 | D:5      | Reached skill level 5 in Fighting
  3926 | Temple   | Entered the Ecumenical Temple
  3996 | Temple   | Became a worshipper of Ru the Awakened
  4076 | D:5      | Reached XP level 8. HP: 55/62 MP: 8/8
  4243 | D:5      | Noticed Eustachio
  4333 | D:5      | Noticed Prince Ribbit
  4864 | D:5      | Noticed Menkaure
  4871 | D:5      | Killed Menkaure
  4874 | D:5      | Killed Prince Ribbit
  5189 | D:5      | Killed Eustachio
  5559 | D:6      | Slain by a bullfrog

Vault maps used:
D:1:      scummos_arrival_gate
D:2:      overflow_temple_1_default
D:3:      first_bread, uniq_natasha
D:5:      minmay_temple_entry_statues_fountains, uniq_prince_ribbit1,
          uniq_eustachio, uniq_menkaure
D:6:      minitemple, corexii_leaking_fountain
Temple:   nicolae_temple_x_marks_the_god

Skill      XL: |  1  2  3  4  5  6  7  8 |
---------------+-------------------------+-----
Shields        | 4 5 6 |  6.5
Staves         | 3 4 5 6 |  6.8
Fighting       | 4 5 6 |  6.0
Armour         | 4 5 6 |  6.0

Action                   |  1- 3 |  4- 6 |  7- 9 || total
-------------------------+-------+-------+-------++-------
Melee: Quarterstaff      |   106 |   202 |   207 ||   515
  Use: Potion            |       |       |     4 ||     4
  Eat: Chunk             |       |     6 |     7 ||    13
       Fruit             |       |       |     3 ||     3
Armor: Scale mail        |    54 |    70 |    77 ||   201
Dodge: Dodged            |    39 |    54 |    65 ||   158
Block: Shield            |    75 |   100 |   115 ||   290

Table legend:
 A = Spawn XP
 B = Non-spawn XP
 C = Spawn XP percentage of total XP
 D = Spawn monster count
 E = Non-spawn monster count
 F = Spawn count percentage of total count
 G = Total turns spent on level
                    A         B        C        D         E        F      G
               +---------+---------+-------+---------+---------+-------+---------
         Total |       0 |    1938 |   0.0 |       0 |     116 |   0.0 |  5559
               +---------+---------+-------+---------+---------+-------+---------
           D:1 |       0 |      48 |   0.0 |       0 |      25 |   0.0 |   733
           D:2 |       0 |      93 |   0.0 |       0 |      25 |   0.0 |   834
           D:3 |       0 |     273 |   0.0 |       0 |      31 |   0.0 |  1144
           D:4 |       0 |     415 |   0.0 |       0 |      16 |   0.0 |  1208
           D:5 |       0 |    1087 |   0.0 |       0 |      14 |   0.0 |  1367
           D:6 |       0 |      22 |   0.0 |       0 |       5 |   0.0 |   196
               +---------+---------+-------+---------+---------+-------+---------
